 Dungeon Crawl Stone Soup version 0.29-a0-559-g359e09b9d1 (webtiles) character file.

Game seed: 16306625603312432805

175 raistware the Digger (level 5, -3/35 HPs)
             Began as a Human Earth Elementalist on June 9, 2022.
             Slain by a bullfrog (5 damage)
             ... in a sewer.
             The game lasted 00:06:21 (3289 turns).

raistware the Digger (Human Earth Elementalist)     Turns: 3289, Time: 00:06:22

Health: -3/35      AC:  3    Str:  8    XL:     5   Next: 86%
Magic:  10/19      EV:  9    Int: 17    God:
Gold:   48         SH:  0    Dex: 20    Spells: 5/11 levels left

rFire   . . .      SeeInvis .   b - +0 hunting sling
rCold   . . .      Faith    .   (no shield)
rNeg    . . .      Spirit   .   h - +0 robe
rPois   .          Reflect  .   (no helmet)
rElec   .          Harm     .   s - +0 cloak
rCorr   .          Rampage  .   (no gloves)
Will    .....                   (no boots)
Stlth   ++........              (no amulet)
HPRegen 0.11/turn               p - +6 ring of dexterity
MPRegen 0.16/turn               r - ring of magical power

@: lethally poisoned (-3 -> -10), constricted
A: no striking features
a: no special abilities


You were in a sewer.
You visited 1 branch of the dungeon, and saw 3 of its levels.
You also visited: Sewer.

You collected 48 gold pieces.

Inventory:

Hand Weapons
 a - a +0 quarterstaff
 b - a +0 hunting sling (weapon)
Missiles
 i - 89 stones
 n - 3 javelins
Armour
 h - a +0 robe (worn)
 s - a +0 cloak (worn)
Jewellery
 p - a +6 ring of dexterity (left hand)
 r - a ring of magical power (right hand)
Scrolls
 d - 8 scrolls of identify {unknown}
 j - 2 scrolls of immolation {unknown}
 k - a scroll of poison {unknown}
 l - 2 scrolls of fear {unknown}
 m - a scroll of teleportation {unknown}
 o - a scroll of amnesia {unknown}
 w - a scroll of acquirement {unknown}
Potions
 c - 2 potions of magic
 e - 4 potions of curing {unknown}
 f - a potion of attraction {unknown}
 g - 2 potions of mutation {unknown}
 q - 2 potions of might {unknown}
 t - a potion of brilliance {unknown}
 u - a potion of ambrosia {unknown}
 v - a potion of flight {unknown}


   Skills:
 - Level 2.0 Dodging
 - Level 2.0 Stealth
 * Level 3.6 Spellcasting
 * Level 0.3 Conjurations
 - Level 2.0 Transmutations
 * Level 4.5 Earth Magic


You had 5 spell levels left.
You knew the following spells:

 Your Spells              Type           Power      Damage    Failure   Level
a - Sandblast             Erth           36%        2d10      2%          1
b - Passwall              Tmut/Erth      11%        N/A       6%          2
c - Stone Arrow           Conj/Erth      22%        3d8       19%         3

Your spell library contained the following spells:

 Spells                   Type           Power      Damage    Failure   Level
 Static Discharge         Conj/Air       3%         N/A       22%         2
 Petrify                  Tmut/Erth      14%        N/A       38%         4
 Ozocubu's Armour         Ice            3%         N/A       43%         3
 Lightning Bolt           Conj/Air       1%         1d12      99%         5
 Metabolic Englaciation   Hex/Ice        1%         N/A       99%         5
 Simulacrum               Ice/Necr       1%         N/A       100%        6
 Maxwell's Capacitive Co  Air            1%         ∞         100%        8


Dungeon Overview and Level Annotations

Branches:
Dungeon (3/15)              Sewer (1/1)

Altars:


Message History

Confirm with . or Enter, or press ? or * to list all spells.
The spell is quite dangerous to miscast (19% risk of failure)!
Continue anyway?
Aiming: Stone Arrow (quite dangerous; 19% risk of failure)
Press: ? - help, Shift-Dir - straight line, f - bullfrog, p - ball python
Aim: a bullfrog (60% to hit)
The stone arrow hits the bullfrog!
The bullfrog is moderately wounded.
You feel sick.
The bullfrog hits you but does no damage.
The ball python loses its grip on you. The bullfrog closely misses you.
Casting: Stone Arrow (quite dangerous; 19% risk of failure)
Confirm with . or Enter, or press ? or * to list all spells.
Aiming: Sandblast (safe; 2% risk of failure)
Press: ? - help, Shift-Dir - straight line, f/p - bullfrog
Aim: a bullfrog (moderately wounded, 74% to hit)
The blast of sand hits the bullfrog!
The bullfrog is almost dead.
i - 90 stones You feel sick.
The ball python closely misses you. The ball python grabs you.
The ball python constricts you. The bullfrog hits you. The bullfrog hits you!
* * * LOW HITPOINT WARNING * * *
The adder bites you.
* * * LOW HITPOINT WARNING * * *
You are lethally poisoned!
The adder poisons you!
Casting: Sandblast (safe; 2% risk of failure)
Confirm with . or Enter, or press ? or * to list all spells.
Aiming: Sandblast (safe; 2% risk of failure)
Press: ? - help, Shift-Dir - straight line, f/p - bullfrog
Aim: a bullfrog (almost dead, 74% to hit)
The blast of sand hits the bullfrog!
You kill the bullfrog!
i - 89 stones
* * * LOW HITPOINT WARNING * * *
You feel sick. The ball python bites you.
* * * LOW HITPOINT WARNING * * *
The ball python constricts you.
* * * LOW HITPOINT WARNING * * *
The bullfrog hits you.
You die...

#≈≈≈≈≈≈#####
#≈†≈≈≈
#≈≈≈≈≈≈#
#≈≈≈≈≈
#≈≈≈≈≈≈#
#≈†≈≈≈
#≈≈≈≈≈≈#
#≈≈≈≈≈
#≈≈≈≈≈≈#
#≈≈≈≈≈
#≈≈≈≈≈≈#
#≈.≈≈≈
#≈≈#≈≈≈#
#≈≈[[.
#≈.≈≈≈≈#
##≈.≈.
#S@S≈≈≈#
#≈≈≈≈≈
#≈†F≈≈≈#
#≈≈≈≈≈
#≈S≈≈≈≈#
#≈≈≈≈≈
#≈S≈≈≈≈#
#≈≈≈≈≈
#≈J≈≈J≈#
#≈≈≈≈≈
#≈≈≈≈≈≈#
#≈≈≈≈≈
#≈≈≈≈≈≈#
#≈≈≈≈≈
#.≈.≈..#
##≈..≈
#......#
#.....


You could see a bullfrog, 2 adders, 2 endoplasms and 2 ball pythons.

Vanquished Creatures
  A bullfrog (Sewer)
  6 adders
  4 river rats (Sewer)
  4 worms
  2 dart slugs
  8 endoplasms
  3 goblins
  3 hobgoblins (D:2)
  A quokka (D:1)
  16 ball pythons
  5 bats
  5 frilled lizards
  A kobold (D:1)
  26 rats
85 creatures vanquished.

Notes
Turn   | Place    | Note
-------+----------+-------------------------------------------
     0 | D:1      | raistware the Human Earth Elementalist began the quest for
                  | the Orb.
     0 | D:1      | Reached XP level 1. HP: 13/13 MP: 3/3
   312 | D:1      | Reached XP level 2. HP: 15/19 MP: 5/5
   318 | D:1      | Learned a level 2 spell: Passwall
   694 | D:1      | You fall into a shaft and drop 1 floor!
  1133 | D:1      | Reached XP level 3. HP: 24/24 MP: 6/6
  1138 | D:1      | Learned a level 3 spell: Stone Arrow
  1602 | D:2      | Reached XP level 4. HP: 30/30 MP: 3/8
  1684 | D:2      | Found a faded altar of an unknown god.
  2374 | D:3      | Found a glowing drain.
  2429 | Sewer    | Entered a sewer
  2454 | Sewer    | Reached skill level 4 in Earth Magic
  2584 | Sewer    | Reached XP level 5. HP: 26/35 MP: 9/9
  3284 | Sewer    | Noticed a bullfrog
  3285 | Sewer    | Noticed a bullfrog
  3289 | Sewer    | Killed a bullfrog
  3289 | Sewer    | Slain by a bullfrog

Illustrated notes

Levels and vault maps discovered:
D:1:      dpeg_arrival_more_subterranean_lakeside_camping, layout_basic
D:2:      layout_basic, ebering_ecumenical_altar_webs, st_stairs_9
D:3:      layout_basic, nicolae_dithmenos_the_darkroom,
          cheibrodos_sewer_entry_bend, minivault_19
Sewer:    sewer_minmay_w

Skill      XL: |  1  2  3  4 |
---------------+-------------+-----
Spellcasting   | 3 |  3.6
Transmutations | 2 |  2.0
Earth Magic    | 4 |  4.5
Dodging        | |  2.0
Stealth        | |  2.0
Conjurations   | |  0.3

Action                   |  1- 3 |  4- 6 || total
-------------------------+-------+-------++-------
Melee: Quarterstaff      |    28 |     6 ||    34
       Hand axe          |     1 |       ||     1
 Fire: Hunting sling     |       |   122 ||   122
 Cast: Sandblast         |    27 |    26 ||    53
       Stone Arrow       |     2 |    11 ||    13
 Stab: Sleeping          |     2 |     2 ||     4
Armor: Robe              |     7 |    21 ||    28
Dodge: Dodged            |    31 |    49 ||    80

Table legend: (Time is in decaauts)
 A = Elapsed time spent in this place.
 B = Non-inter-level travel time spent in this place.
 C = Inter-level travel time spent in this place.
 D = Time resting spent in this place.
 E = Time spent auto-exploring this place.
 F = Levels seen in this place.
 G = Mean time per level.
                   A        B        C        D        E       F      G
               +--------+--------+--------+--------+--------+-----+--------+
         Total |   3390 |   3277 |    113 |      6 |   2725 |   4 |  847.5 |
       Dungeon |   2446 |   2333 |    113 |      6 |   2004 |   3 |  815.3 |
         Sewer |    944 |    944 |      0 |      0 |    721 |   1 |  944.0 |
               +--------+--------+--------+--------+--------+-----+--------+

Top non-repeatable levels by time:
     D:1: 1213 daAuts
     D:2: 1099 daAuts
   Sewer: 944 daAuts
     D:3: 133 daAuts
